 Dungeon Crawl Stone Soup version 0.28.0-47-ge53b351184 (webtiles) character file.

Game seed: 17530454700536943230

8652 CryoSword the Fighter (level 11, -3/84 HPs)
             Began as a Djinni Hedge Wizard on May 5, 2022.
             Was a Follower of Makhleb.
             Slain by a manticore (5 damage)
             ... on level 9 of the Dungeon.
             The game lasted 00:25:57 (12133 turns).

CryoSword the Fighter (Djinni Hedge Wizard)        Turns: 12133, Time: 00:25:58

Health: -3/84      AC:  7    Str: 13    XL:     11   Next: 59%
Gold:   596        EV: 19    Int: 15    God:    Makhleb [*.....] SH:  0 Dex: 14

rFire   + + .      SeeInvis .   w - +1 trident (venom)
rCold   . . .      Faith    .   (no shield)
rNeg    . . .      Spirit   .   o - +2 robe {Archmagi}
rPois   ∞          Reflect  .   c - +0 hat
rElec   .          Harm     .   A - +0 cloak
rCorr   .          Rampage  .   y - +1 pair of gloves
Will    +....      Archmagi +   (boots unavailable)
Stlth   ++........              B - amulet of regeneration
HPRegen 1.04/turn               E - +4 ring of evasion
MPRegen 0.00/turn               x - ring of protection from cold {=R}

@: flying, very slightly contaminated
A: sickness immunity, fire resistance 2, cold vulnerability 1, float, innate
caster, HP casting, extra vitality 1
a: Renounce Religion


You were on level 9 of the Dungeon.
You worshipped Makhleb.
Makhleb was aware of your devotion.
You visited 2 branches of the dungeon, and saw 10 of its levels.

You collected 596 gold pieces.

Inventory:

Hand Weapons
 w - a +1 trident of venom (weapon)
   (You took it off a gnoll sergeant on level 7 of the Dungeon)
Missiles
 r - 15 poisoned darts
 u - 6 atropa-tipped darts
Armour
 c - a +0 hat (worn)
 o - a +2 robe of the Archmagi (worn)
   (You took it off Jessica on level 2 of the Dungeon)
 y - a +1 pair of gloves (worn)
   (You found it on level 7 of the Dungeon)
 A - a +0 cloak (worn)
   (You found it on level 7 of the Dungeon)
Jewellery
 d - a ring of willpower
   (You found it on level 1 of the Dungeon)
 q - a ring of ice
   (You took it off an orc on level 4 of the Dungeon)
 t - a ring of see invisible
   (You found it on level 5 of the Dungeon)
 x - a ring of protection from cold (right hand) {=R}
   (You found it on level 5 of the Dungeon)
 B - an amulet of regeneration (around neck)
   (You found it on level 5 of the Dungeon)
 D - an amulet of reflection
   (You took it off an orc on level 7 of the Dungeon)
 E - a +4 ring of evasion (left hand)
   (You took it off a centaur on level 8 of the Dungeon)
Wands
 G - a wand of mindburst (16)
   (You found it on level 8 of the Dungeon)
Scrolls
 a - a scroll of silence {unknown}
 b - a scroll of amnesia {unknown}
 f - a scroll of acquirement {unknown}
 h - a scroll of magic mapping {unknown}
 j - a scroll of fear {unknown}
 l - a scroll of brand weapon {unknown}
 m - 2 scrolls of fog
 n - a scroll of immolation {unknown}
 p - a scroll of enchant weapon {unknown}
 s - a scroll of blinking {unknown}
 z - 2 scrolls of holy word
Potions
 e - 2 potions of attraction {unknown}
 g - a potion of mutation {!q}
 i - a potion of magic {unknown}
 k - 2 potions of might
 v - a potion of resistance
 C - a potion of heal wounds {unknown}
 F - a potion of curing {@q1}
 H - 2 potions of haste {@q3}
 I - a potion of ambrosia {unknown}


   Skills:
 + Level 9.2 Fighting
 * Level 7.7 Polearms
 + Level 7.5 Dodging
 + Level 1.8 Stealth
 * Level 7.6 Spellcasting
 + Level 0.6 Invocations


You couldn't memorise any spells.
You knew the following spells:

 Your Spells              Type           Power      Damage    Failure   Level
a - Borgnjor's Vile Clut  Necr/Erth      21%        N/A       16%         5
b - Iskenderun's Mystic   Conj/Tloc      42%        2d10      5%          4
c - Slow                  Hex            100%       N/A       1%          1
d - Call Imp              Summ           42%        N/A       1%          2
e - Inner Flame           Hex/Fire       42%        N/A       1%          3
B - Blink                 Tloc           84%        N/A       1%          2
C - Mephitic Cloud        Conj/Pois/Air  42%        N/A       1%          3
D - Magic Dart            Conj           100%       1d8       1%          1
F - Conjure Flame         Conj/Fire      42%        6-21      1%          3
P - Pain                  Necr           100%       1d9       1%          1
W - Wereblood             Tmut           42%        N/A       1%          2
Your spell library was empty.

Dungeon Overview and Level Annotations

Branches:
Dungeon (9/15)             Temple (1/1) D:7
   Lair: D:8-11         Orc: D:9-12

Altars:
Ashenzari
Dithmenos
Elyvilon
Fedhas
Gozag
Hepliaklqana
Kikubaaqudgha
Makhleb
Nemelex Xobeh
Okawaru
Qazlal
Ru
Sif Muna
Trog
Uskayaw
Vehumet
Wu Jian
Xom
Yredelemnul
The Shining One

Annotations:
D:8 3 runed translucent doors


Innate Abilities, Weirdness & Mutations

You are immune to sickness and miasma.
You are immune to poison.
Your flesh is very heat resistant. (rF++)
You are vulnerable to cold. (rC-)
You float through the air rather than walking.
You learn spells naturally, not from books.
Your magical power is your life essence.
You have superior vitality. (+4 MHP)


Message History

Items here: ( )) †.
There is an open door here.
There is an open door here.
Key pressed, stopping explore.
The orc wizard shouts!
The basilisk hisses angrily.
You hear a shout!
You hear a bellow!
You hear a shout!
You hear a loud, deep croak!
You hear a shout!
The two-headed ogre shouts in stereo!
The orc wizard shouts!
The bullfrog gives a loud, deep croak!
Done exploring.
Done exploring.
Done exploring.
Done exploring.
There is an open door here.
There is an open door here.
There is a stone staircase leading down here.
You fly downwards.
There is a stone staircase leading up here.
Adjust (i)tems, (s)pells, or (a)bilities?
Adjust which spell? g - Borgnjor's Vile Clutch Adjust to which letter?
Adjust to which letter? a - Borgnjor's Vile Clutch; g - Magic Dart Adjust (i)tems, (s)pells, or (a)bilities?
Adjust which spell? f - Iskenderun's Mystic Blast Adjust to which letter? b - Iskenderun's Mystic Blast; f - Call Imp Adjust (i)tems, (s)pells, or (a)bilities?
Adjust which spell? d - Wereblood Adjust to which letter?
W - Wereblood Adjust (i)tems, (s)pells, or (a)bilities?
Adjust which spell? f - Call Imp Adjust to which letter? d - Call Imp Adjust (i)tems, (s)pells, or (a)bilities?
Adjust which spell? g - Magic Dart Adjust to which letter?
D - Magic Dart Adjust (i)tems, (s)pells, or (a)bilities?
Adjust which spell?
Okay, then.
Setting a skill training target for Polearms at 14.0.
You remove your ring of willpower.
E - a +4 ring of evasion (left hand)
A wight comes into view. It is wielding a +3 mace.
A wight is nearby!
A wight is nearby!
A wight is nearby!
A two-headed ogre comes into view.
It is wielding a +0 giant spiked club and a +0 giant club.
The two-headed ogre shouts in stereo!
A wight comes into view. It is wielding a +0 short sword.
The wight moves out of view.
There is a stone staircase leading up here.
You fly upwards.
Level annotation: 3 runed translucent doors
There is a stone staircase leading down here.
You see here 16 stones.
There is a stone staircase leading down here.
You fly downwards.
There is a stone staircase leading up here.
A yak comes into view.
A yak is nearby!
A yak is nearby!
You reach to attack!
The helpless yak fails to defend itself.
You puncture the yak!
The yak is poisoned.
You hit the yak but do no damage.
The yak looks even sicker.
The yak barely misses you.
You hit the yak.
The yak looks as sick as possible!
The yak closely misses you.
You hit the yak but do no damage.
The yak looks as sick as possible!
Your punch misses the yak. The yak closely misses you.
You hit the yak but do no damage.
The yak looks as sick as possible!
You puncture the yak!
The yak looks as sick as possible!
The yak completely misses you.
You puncture the yak!
You kill the yak!
Makhleb accepts your kill.
No target in view!
A yak comes into view.
The yak bellows!
You hear a bellow!
A yak comes into view.
The yak moves out of view.
A yak is nearby!
A yak is nearby! 2 yaks come into view.
The yak bellows! x2
You puncture the yak! You puncture the yak! The yak gores you.
Aim: a yak (heavily wounded, chance to affect: 90%)
You feel a surge of power!
The yak is filled with an inner flame.
The yak closely misses you.
You puncture the yak!
Flame seeps out of the yak.
The yak is engulfed in blazing flames.
Makhleb accepts your kill.
The yak explodes!
The fiery explosion engulfs the yak!!
The fiery explosion engulfs the yak!!!
You kill the yak!
Makhleb accepts your kill.
You feel better. The fiery explosion engulfs you! You resist.
The fiery explosion engulfs the yak!!
The yak is engulfed in blazing flames.
The yak is engulfed in blazing flames.
You kill the yak!
Makhleb accepts your kill. x2
You feel a bit more experienced.
Found a long sword.
Found a whip.
A manticore comes into view.
A manticore is nearby!
A manticore is nearby!
Found 12 bolts.
You reach to attack!
The helpless manticore fails to defend itself.
You puncture the manticore! You hit the manticore.
The manticore is poisoned.
The manticore bites you! The manticore claws you. The manticore misses you.
You puncture the manticore!
The manticore looks as sick as possible!
The manticore completely misses you. The manticore claws you.
The manticore completely misses you.
You puncture the manticore!
The manticore looks as sick as possible!
The manticore bites you! The manticore claws you.
The manticore completely misses you.
You are too injured to fight recklessly!
You are too injured to fight recklessly!
You are too injured to fight recklessly!
Aim: a manticore (almost dead, extremely poisoned, 100% to hit)
You feel a surge of power!
You miscast Borgnjor's Vile Clutch.
You are very lightly contaminated with residual magic.
Nothing appears to happen.
The manticore bites you!
* * * LOW HITPOINT WARNING * * *
The manticore claws you.
* * * LOW HITPOINT WARNING * * *
The manticore claws you!
* * * LOW HITPOINT WARNING * * *
You feel a surge of power!
You erupt in a blast of force!
The mystic blast hits the manticore.
* * * LOW HITPOINT WARNING * * *
You hear a shout! x4
The manticore bites you!!
* * * LOW HITPOINT WARNING * * *
The manticore claws you.
You die...

####.####.#...#.....#
#.........#......#..###
#.###.........#.....#.#
#.##....###....#......<
#.#......#......#...###
##.....#..#..#.....#...
###......#######......#..#
#........#..# #.........#
#...###..@H.# ...###....
... #.....## ... .. ... ..
#$.#...... . ####.......
#..###..# .... (. .#.)# .
. ###


You could see a manticore (extremely poisoned).

Vanquished Creatures
  2 boulder beetles (D:8)
  A centaur warrior (D:8)
  A manticore (D:8)
  Maggie (D:8)
  A komodo dragon (D:8)
  5 dream sheep (D:8)
  2 shadows (D:8)
  A wraith (D:8)
  A basilisk (D:8)
  5 yaks (D:9)
  A golden eye (shapeshifter) (D:8)
  A sky beast (D:8)
  4 necrophages
  An ice beast (D:6)
  2 black bears
  2 ogres
  3 centaurs
  2 kobold brigands
  3 bullfrogs
  2 gnoll sergeants
  A wyvern zombie (D:8)
  A water moccasin zombie (D:6)
  4 killer bees (D:8)
  An electric eel (D:8)
  4 wights (D:8)
  3 howler monkeys (D:8)
  2 centaur zombies
  3 jellies
  A hound (D:7)
  A gnoll shaman (D:5)
  2 orc priests
  A centaur skeleton (D:7)
  A bullfrog skeleton (D:6)
  5 iguanas
  A scorpion zombie (D:5)
  3 orc wizards
  7 gnolls
  8 adders
  An adder skeleton (D:5)
  2 worms (D:2)
  3 dart slugs
  30 orcs
  6 ball pythons
  9 endoplasms
  3 giant cockroaches
  11 goblins
  7 hobgoblins
  6 kobolds
  3 quokkas
  2 bats
  2 frilled lizards (D:1)
  2 rats (D:1)
177 creatures vanquished.

Vanquished Creatures (collateral kills)
  2 ogres (D:4)
  3 necrophages
  A centaur (D:5)
  A hound (D:5)
  A centaur skeleton (D:4)
  Jessica (D:2)
  2 gnolls (D:7)
  An endoplasm (D:1)
  A hobgoblin (D:1)
  A kobold (D:3)
14 creatures vanquished.

Vanquished Creatures (others)
  An orc wizard (D:7)
  A plant (D:8)
2 creatures vanquished.

Grand Total: 193 creatures vanquished

Notes
Turn   | Place    | Note
-------+----------+-------------------------------------------
     0 | D:1      | CryoSword the Djinni Hedge Wizard began the quest for the
                  | Orb.
     0 | D:1      | Reached XP level 1. HP: 15/15 MP: 0/0
   648 | D:1      | Reached XP level 2. HP: 20/22 MP: 0/0
   703 | D:1      | Reached skill level 1 in Fighting
  1074 | D:1      | Found a faded altar of an unknown god.
  1430 | D:1      | Reached XP level 3. HP: 13/27 MP: 0/0
  1430 | D:1      | Learned a level 1 spell: Pain
  2397 | D:2      | Reached skill level 2 in Fighting
  2543 | D:2      | Reached XP level 4. HP: 31/33 MP: 0/0
  3507 | D:2      | Noticed Jessica
  3519 | D:2      | Killed Jessica
  3520 | D:2      | Reached XP level 5. HP: 23/40 MP: 0/0
  3520 | D:2      | Learned a level 2 spell: Wereblood
  4051 | D:3      | Reached skill level 3 in Fighting
  5042 | D:4      | Noticed an ogre
  5138 | D:4      | Noticed an ogre
  5170 | D:4      | Killed an ogre
  5171 | D:4      | Reached skill level 4 in Fighting
  5171 | D:4      | Reached XP level 6. HP: 24/47 MP: 0/0
  5597 | D:4      | Noticed an ogre
  5605 | D:4      | Killed an ogre
  5667 | D:4      | Killed an ogre
  5668 | D:4      | Reached XP level 7. HP: 40/53 MP: 0/0
  5668 | D:4      | Learned a level 3 spell: Inner Flame
  6036 | D:4      | Reached skill level 5 in Fighting
  6651 | D:5      | Entered Level 5 of the Dungeon
  6786 | D:5      | Reached skill level 5 in Spellcasting
  6885 | D:5      | Reached XP level 8. HP: 23/60 MP: 0/0
  7158 | D:5      | Reached skill level 6 in Fighting
  7552 | D:5      | Reached skill level 1 in Polearms
  7997 | D:6      | Reached XP level 9. HP: 45/67 MP: 0/0
  7997 | D:6      | Learned a level 4 spell: Iskenderun's Mystic Blast
  8097 | D:6      | Reached skill level 7 in Fighting
  9276 | D:7      | Found a staircase to the Ecumenical Temple.
  9281 | Temple   | Entered the Ecumenical Temple
  9642 | Temple   | Became a worshipper of Makhleb the Destroyer
 10407 | D:7      | Identified the +1 chain mail of the Catfish {Fly Will-
                  | Str-3 Dex+5}
 10627 | D:8      | Noticed a boulder beetle
 10648 | D:8      | Killed a boulder beetle
 10649 | D:8      | Reached skill level 5 in Polearms
 10649 | D:8      | Reached skill level 5 in Dodging
 10649 | D:8      | Reached XP level 10. HP: 75/76 MP: 0/0
 10671 | D:8      | Noticed a centaur warrior
 10676 | D:8      | Noticed a boulder beetle
 10680 | D:8      | Noticed a manticore
 10695 | D:8      | Killed a centaur warrior
 10696 | D:8      | Reached skill level 8 in Fighting
 10816 | D:8      | Noticed Maggie
 10846 | D:8      | Killed Maggie
 10894 | D:8      | Found a runed translucent door.
 10894 | D:8      | Noticed a boulder beetle
 10900 | D:8      | Noticed a gargoyle
 10901 | D:8      | Noticed a two-headed ogre
 10902 | D:8      | Found a runed translucent door.
 10902 | D:8      | Found a runed translucent door.
 10959 | D:8      | Killed a boulder beetle
 11127 | D:8      | Reached * piety under Makhleb
 11134 | D:8      | Reached XP level 11. HP: 62/82 MP: 0/0
 11134 | D:8      | Learned a level 5 spell: Borgnjor's Vile Clutch
 11277 | D:8      | Found the +5 robe of Night {Dark Will+ SInv}
 11428 | D:8      | Reached skill level 9 in Fighting
 11864 | D:8      | Killed a manticore
 11995 | D:9      | Noticed a two-headed ogre
 12125 | D:9      | Noticed a manticore
 12133 | D:9      | HP: 2/84 [manticore (20)]
 12133 | D:9      | Slain by a manticore

Illustrated notes

Levels and vault maps discovered:
D:1:      saegor_arrival_simple_c, layout_basic,
          hellmonk_ecumenical_altar_pennies_from_heaven
D:2:      cheibrodos_helix_gallery, layout_basic, uniq_jessica
D:3:      layout_loops_ring
D:4:      layout_basic
D:5:      layout_cave_pools
D:6:      minmay_skewed_foursquare, layout_layer_cave
D:7:      layout_basic, minmay_temple_entry_butterflies, minivault_10
D:8:      minmay_the_grid_four_pointed_star
          [minmay_the_grid_triangle_9x9_shrine,
          minmay_the_grid_triangle_9x9_fully_insulated_deathbox,
          minmay_the_grid_triangle_9x9_thin_v,
          minmay_the_grid_triangle_9x9_sprig,
          minmay_the_grid_prize_four_corners], layout_loops_ring,
          minmay_misc_feat_encased, nicolae_water_bricks,
          hellmonk_guarded_unrand_night, uniq_maggie
D:9:      hangedman_cross_cluster, layout_basic, lemuel_coloured_pillars_altar,
          special_room [special_room_bee]
Temple:   mainiacjoe_temple_trianglar_array

Skill      XL: |  1  2  3  4  5  6  7  8  9 10 11 |
---------------+----------------------------------+-----
Fighting       | 1 2 4 5 6 7 8 9 |  9.2
Spellcasting   | 3 4 5 6 7 |  7.6
Polearms       | 2 5 6 7 |  7.7
Dodging        | 3 5 6 7 |  7.5
Stealth        | |  1.8
Invocations    | |  0.6

Action                   |  1- 3 |  4- 6 |  7- 9 | 10-12 || total
-------------------------+-------+-------+-------+-------++-------
Melee: Dagger            |     4 |    41 |    76 |       ||   121
       Mace              |    15 |    11 |       |       ||    26
       Punch             |       |     2 |     8 |     4 ||    14
       Spear             |       |       |   228 |       ||   228
       Trident           |       |       |    46 |   212 ||   258
 Cast: Magic Dart        |    62 |    89 |    55 |     1 ||   207
       Call Imp          |     6 |    10 |    16 |     4 ||    36
       Pain              |       |     6 |       |       ||     6
       Slow              |       |     7 |     6 |     1 ||    14
       Mephitic Cloud    |       |     1 |    18 |     5 ||    24
       Conjure Flame     |       |       |     5 |     3 ||     8
       Inner Flame       |       |       |     2 |     3 ||     5
       Blink             |       |       |     1 |       ||     1
       Iskenderun's Myst |       |       |       |    21 ||    21
       Borgnjor's Vile C |       |       |       |     1 ||     1
  Use: Scroll            |       |     2 |     5 |     2 ||     9
 Stab: Sleeping          |     2 |     1 |     3 |     3 ||     9
       Distracted        |       |     1 |     4 |     1 ||     6
       Confused          |       |       |     5 |     4 ||     9
Armor: Robe              |     5 |    11 |    68 |    48 ||   132
Dodge: Dodged            |    19 |    55 |   212 |   128 ||   414
